 Dungeon Crawl Stone Soup version 0.24.0-13-gcf9b319 (webtiles) character file.

Game seed: 12185948255647648201, levelgen mode: deterministic

1915 Fang the Skirmisher (level 9, -5/84 HPs)
             Began as a Gargoyle Berserker on Nov 14, 2019.
             Was an Elder of Trog.
             Slain by an orc warrior
             ... wielding a +0 glaive
              (14 damage)
             ... on level 6 of the Dungeon.
             The game lasted 00:05:05 (6514 turns).

Fang the Skirmisher (Gargoyle Berserker)            Turns: 6514, Time: 00:05:05

Health: -5/84      AC: 16    Str: 32    XL:     9   Next: 16%
Magic:  9/9        EV:  7    Int:  7    God:    Trog [****..]
Gold:   365        SH: 16    Dex:  9    Spells: 8/8 levels left

rFire    . . .     SeeInvis .   a - +0 hand axe
rCold    . . .     Gourm    .   p - +0 large shield
rNeg     + . .     Faith    .   b - +0 chain mail
rPois    ∞         Spirit   .   (no helmet)
rElec    +         Reflect  .   (no cloak)
rCorr    .         Harm     .   (no gloves)
MR       .....                  (no boots)
Stlth    ..........             (no amulet)
HPRegen  0.24/turn              m - +2 ring of strength
MPRegen  0.11/turn              (no ring)

@: berserking, very quick
A: negative energy resistance 1, electricity resistance, unbreathing,
petrification resistance, rot immunity, AC +6
a: Berserk, Trog's Hand, Brothers in Arms, Renounce Religion


You were on level 6 of the Dungeon.
You worshipped Trog.
Trog was greatly pleased with you.
You were hungry.

You visited 2 branches of the dungeon, and saw 7 of its levels.

You collected 365 gold pieces.

Inventory:

Hand Weapons
 a - a +0 hand axe (weapon)
Armour
 b - a +0 chain mail (worn)
 p - a +0 large shield (worn)
Jewellery
 m - a +2 ring of strength (left hand)
Scrolls
 g - 7 scrolls of identify {unknown}
 j - a scroll of immolation {unknown}
 k - 2 scrolls of remove curse {unknown}
 n - 2 scrolls of teleportation {unknown}
 o - a scroll of fog {unknown}
 q - 2 scrolls of amnesia {unknown}
 s - a scroll of noise {unknown}
 u - a scroll of blinking {unknown}
 w - a scroll of enchant armour {unknown}
 x - a scroll of random uselessness {unknown}
 y - a scroll of silence {unknown}
Potions
 d - 2 potions of flight {unknown}
 e - 4 potions of mutation {unknown}
 f - 4 potions of heal wounds
 h - 2 potions of degeneration {unknown}
 i - a potion of might {unknown}
 l - a potion of lignification {unknown}
 r - 2 potions of berserk rage {unknown}
 v - 2 potions of curing {unknown}
Comestibles
 c - 13 rations
 t - 9 chunks of flesh


   Skills:
 + Level 6.8 Fighting
 + Level 5.6 Axes
 + Level 6.3 Armour
 + Level 4.9 Dodging
 + Level 3.8 Shields


You had 8 spell levels left.
You didn't know any spells.
Your spell library was empty.

Dungeon Overview and Level Annotations

Branches:
Dungeon (6/15)             Temple (1/1) D:4

Altars:
Dithmenos
Kikubaaqudgha
Nemelex Xobeh
Qazlal
Trog
Uskayaw

Shops:
D:5 :


Innate Abilities, Weirdness & Mutations

You are resistant to torment.
Your stone body is resilient. (AC +6)
You are immune to poison.
You resist negative energy. (rN+)
You are resistant to electric shocks. (rElec)
You can survive without breathing.
You are immune to petrification.
You are immune to rotting.


Message History

You block the orc warrior's attack.
The orc warrior hits you with a +0 trident.
* * * LOW HITPOINT WARNING * * *
You slash the orc warrior!
The orc warrior is severely wounded.
You closely miss the orc warrior.
The orc warrior is severely wounded.
You block the orc warrior's attack. The orc warrior barely misses you.
You slash the orc warrior!
The orc warrior is almost dead.
You block the orc warrior's attack.
The orc warrior hits you from afar with a +0 glaive!
* * * LOW HITPOINT WARNING * * *
Some of the chunks of flesh in your inventory have rotted away.
You hit the orc warrior.
You feel the power of Trog in you as your rage grows.
You kill the orc warrior!
Trog accepts your kill.
The orc warrior hits you from afar with a +0 glaive!
You die...

#. #... #. #..♣
..... #. #..P
P♣.....# #. #..P
PPP...# #.
#######♣P♣...#####.
#.)$..#♣PPPP.##....
#...o.#♣PP♣...#.###
#[@...#PPPPP..#(##
#''######♣....(..#
#..'...)'()..(...#
#).#..>)'........#
#()#....'........#
#..######......###
#..#....#♣PP..##
#).#....#♣P♣..#
#))#....#♣♣PP.#


You could see an orc warrior.

Vanquished Creatures
  Menkaure (D:4)
  Edmund (D:4)
  An orc warrior (D:6)
  A sky beast (D:5)
  An ogre (D:4)
  2 centaurs
  A bullfrog (D:6)
  2 gnoll sergeants (D:6)
  2 scorpions
  A howler monkey (D:4)
  2 crimson imps (D:5)
  4 hounds
  2 orc priests
  3 gnoll shamans
  2 orc wizards
  2 iguanas
  5 worker ants
  Robin (D:4)
  A worker ant zombie (D:5)
  13 gnolls
  7 adders
  An ooze (D:4)
  4 worms
  6 dart slugs
  3 leopard geckos
  8 orcs
  8 bats
  5 giant cockroaches
  14 hobgoblins
  8 jackals
  9 kobolds
  5 quokkas
  9 frilled lizards
  22 goblins
  A jackal skeleton (D:4)
  2 quokka skeletons
  11 rats
171 creatures vanquished.

Notes
Turn   | Place    | Note
-------+----------+-------------------------------------------
     0 | D:1      | Fang the Gargoyle Berserker began the quest for the Orb.
     0 | D:1      | Reached XP level 1. HP: 14/14 MP: 1/1
    36 | D:1      | Reached XP level 2. HP: 3/19 MP: 2/2
   603 | D:1      | Reached XP level 3. HP: 9/23 MP: 3/3
  1491 | D:2      | Reached XP level 4. HP: 20/29 MP: 4/4
  1505 | D:2      | Reached ** piety under Trog
  1954 | D:2      | Found a bloodstained altar of Trog.
  2148 | D:3      | Reached XP level 5. HP: 20/33 MP: 5/5
  2154 | D:3      | Reached *** piety under Trog
  2168 | D:3      | Found a shadowy altar of Dithmenos.
  2577 | D:4      | Reached XP level 6. HP: 27/39 MP: 6/6
  2890 | D:4      | Noticed Menkaure
  2897 | D:4      | Killed Menkaure
  2897 | D:4      | Reached skill level 5 in Fighting
  2897 | D:4      | Reached XP level 7. HP: 23/44 MP: 7/7
  3102 | D:4      | Noticed Robin
  3127 | D:4      | Killed Robin
  3451 | D:4      | Noticed Edmund
  3486 | D:4      | Killed Edmund
  3638 | D:4      | Found a staircase to the Ecumenical Temple.
  3731 | Temple   | Entered the Ecumenical Temple
  3870 | D:4      | Reached skill level 5 in Armour
  4166 | D:5      | Entered Level 5 of the Dungeon
  4180 | D:5      | Reached skill level 1 in Shields
  4450 | D:5      | Reached XP level 8. HP: 50/51 MP: 8/8
  4550 | D:5      | Reached **** piety under Trog
  4877 | D:5      | Reached skill level 5 in Axes
  4950 | D:5      | Found Efauneoq's Book Shoppe.
  6361 | D:6      | Reached XP level 9. HP: 42/56 MP: 9/9
  6514 | D:6      | Slain by an orc warrior

Levels and vault maps discovered:
D:1:      dpeg_arrival_rooms_c, layout_loops_ring, st_stairs_11,
          minmay_split_cup_large
D:2:      minmay_recursive_quarters, layout_basic,
          nicolae_overflow_hidden_temple, minivault_24,
          hangedman_abyss_or_decor_lesser_grid, minmay_splitting_lines
D:3:      layout_basic, nicolae_dithmenos_shadow_blocks
D:4:      layout_basic, minmay_temple_entry_mist, serial_forest,
          infiniplex_forest_clump_tiny, infiniplex_forest_straight_3,
          infiniplex_forest_clump_double, infiniplex_forest_clump_C,
          infiniplex_forest_lined_room_2, infiniplex_forest_lined_2,
          infiniplex_forest_straight_2, first_ration, uniq_menkaure, uniq_robin,
          uniq_edmund
D:5:      layout_layer_cave, serial_shops, shop
D:6:      kennysheep_housing_project, layout_loops_ring
Temple:   pf_slimified_temple

Skill      XL: |  1  2  3  4  5  6  7  8 |
---------------+-------------------------+-----
Axes           | 3 4 5 |  5.6
Dodging        | 2 3 4 |  4.9
Armour         | 3 4 5 6 |  6.3
Fighting       | 4 5 6 |  6.8
Shields        | 1 3 |  3.8

Action                   |  1- 3 |  4- 6 |  7- 9 || total
-------------------------+-------+-------+-------++-------
Melee: Hand axe          |   117 |   222 |   508 ||   847
Invok: Berserk           |       |     3 |     4 ||     7
       Trog's Hand       |       |       |     1 ||     1
  Eat: Chunk             |     2 |     7 |    17 ||    26
Armor: Animal skin       |    14 |       |       ||    14
       Chain mail        |    29 |   185 |   314 ||   528
Dodge: Dodged            |    57 |   103 |   109 ||   269
Block: Large shield      |       |       |   364 ||   364
